 Dungeon Crawl Stone Soup version 0.22.1-5-g62c59d919a (webtiles) character file.

1773 Gargoyl the Chopper (level 8, -2/67 (68) HPs)
             Began as a Centaur Abyssal Knight on Jan 14, 2019.
             Was a Priest of Lugonu.
             Slain by an ogre
             ... wielding a +0 giant spiked club
              (24 damage)
             ... on level 7 of the Dungeon.
             The game lasted 00:09:41 (6004 turns).

Gargoyl the Chopper (Centaur Abyssal Knight)        Turns: 6004, Time: 00:09:42

HP:   -2/67 (68)    AC: 14    Str: 16    XL:     8   Next: 80%
MP:   11/11         EV:  3    Int: 11    God:    Lugonu [***...]
Gold: 259           SH:  0    Dex: 10    Spells: 7/7 levels left

rFire    + . .     SeeInvis .   f - +4 war axe (venom)
rCold    . . .     Gourm    .   (no shield)
rNeg     . . .     Faith    .   m - +1 plate armour
rPois    .         Spirit   .   E - +1 hat
rElec    .         Reflect  .   i - +0 cloak
rCorr    .         Harm     .   D - +0 pair of gloves
MR       +....                  (no barding)
Stlth    ..........             (no amulet)
HPRegen  0.21/turn              k - ring of protection from magic
MPRegen  0.12/turn              v - ring of protection from fire

@: drained, very quick
A: large, hooves 3, deformed body, speed 2, tough skin 3
a: Depart the Abyss, Bend Space, Banish, Renounce Religion


You were on level 7 of the Dungeon.
You worshipped Lugonu.
Lugonu was most pleased with you.
You were not hungry.

You visited 1 branch of the dungeon, and saw 7 of its levels.
You visited the Abyss 1 time.

You collected 317 gold pieces.
You spent 58 gold pieces at shops.

Inventory:

Hand Weapons
 a - a +1 hand axe
 f - a +4 war axe of venom (weapon)
Missiles
 j - 8 tomahawks (quivered)
Armour
 i - a +0 cloak (worn)
 m - a +1 plate armour (worn)
 D - a +0 pair of gloves (worn)
 E - a +1 hat (worn)
Jewellery
 k - a ring of protection from magic (left hand)
 v - a ring of protection from fire (right hand)
Wands
 d - a wand of disintegration (9)
 q - a wand of polymorph (31)
 t - a wand of scattershot (4)
 C - a wand of random effects (40)
Scrolls
 e - a scroll of magic mapping
 h - 2 scrolls of identify
 l - 8 scrolls of teleportation
 p - 4 scrolls of remove curse
 y - a scroll of fog
 B - 2 scrolls of amnesia
Potions
 b - a potion of resistance
 g - a potion of flight {unknown}
 n - a potion of invisibility {unknown}
 o - a potion of degeneration {unknown}
 r - a potion of heal wounds {unknown}
 s - 3 potions of magic {unknown}
 u - 2 potions of might {unknown}
 w - a potion of cancellation {unknown}
 x - a potion of mutation {unknown}
 z - a potion of ambrosia {unknown}
 A - a potion of haste {unknown}
 F - a potion of curing {unknown}
Comestibles
 c - 15 rations


   Skills:
 + Level 5.2(5.1) Fighting
 + Level 6.0(5.9) Axes
 * Level 4.5(4.4) Armour
 * Level 3.0(2.9) Dodging
 * Level 5.0(4.8) Invocations
 + Level 0.4(0.3) Evocations


You had 7 spell levels left.
You didn't know any spells.
Your spell library was empty.

Dungeon Overview and Level Annotations

Branches:
Dungeon (7/15)             Temple (0/1) D:4

Altars:
Ashenzari
Cheibriados

Shops:
D:6 [

Annotations:
D:4 exclusion: oklob sapling
D:5 1 runed door, PeterQ's ghost, novice GnEn


Innate Abilities, Weirdness & Mutations

You have hooves in place of feet.
Armour fits poorly on your strangely shaped body.
You cover ground very quickly.
You have extremely tough skin. (AC +3)


Message History

Your plate armour prevents you from hitting the gnoll.
The gnoll hits you with a club.
You slash the gnoll!
You kill the gnoll!
Lugonu accepts your kill.
Your base Invocations skill increases to level 5!
You hear a shout!
A gnoll comes into view.
Unknown command.
Things that are here:
a club; a spear; a gnoll corpse You closely miss the gnoll.
You kick the gnoll!
The gnoll is severely wounded.
The gnoll hits you but does no damage. The gnoll hits you.
You hit the gnoll.
You kill the gnoll!
Lugonu accepts your kill.
You hit the ogre.
The ogre is poisoned.
The ogre hits you with a giant spiked club!!
You die...

.. #.## ######## ...#
##....?.#
...####.......#
###...##.......#
#..............
#.O....#†.#####..
#.†@).))))......#
......####>..)...####
##### ##...##$....
#.#†#######
#........# #........#
#####........#
##.......<....#
##.............#


You could see an ogre.

Vanquished Creatures
  Duvessa (D:4)
  A sky beast (D:5)
  A necrophage (D:5)
  A bullfrog (D:6)
  A scorpion (D:5)
  Dowan (D:4)
  4 wights (D:7)
  2 vampire bats (D:3)
  A crimson imp (D:6)
  A bullfrog zombie (D:5)
  A centaur zombie (D:5)
  A small abomination (Abyss:2)
  3 hounds
  2 jellies
  3 orc priests
  8 orc wizards (D:6)
  A centaur skeleton (D:6)
  An iguana (D:6)
  5 worker ants
  A hound skeleton (D:4)
  11 gnolls
  5 adders
  A shadow imp (D:6)
  2 oozes
  An adder zombie (D:5)
  2 adder skeletons
  A dart slug (D:1)
  2 leopard geckos
  20 orcs
  2 ball pythons
  15 bats
  3 giant cockroaches
  6 goblins
  7 hobgoblins
  14 jackals
  7 kobolds
  2 frilled lizards
  A leopard gecko zombie (D:5)
  5 rats
147 creatures vanquished.

Notes
Turn   | Place    | Note
-------+----------+-------------------------------------------
     0 | Abyss:1  | Gargoyl the Centaur Abyssal Knight began the quest for the
                  | Orb.
     0 | Abyss:1  | Reached XP level 1. HP: 19/19 MP: 2/2
   113 | Abyss:1  | Noticed a large abomination
   151 | Abyss:2  | Noticed a small abomination
   151 | Abyss:2  | Noticed a ynoxinul
   157 | Abyss:2  | Noticed a small abomination
   176 | Abyss:2  | Killed a small abomination
   176 | Abyss:2  | Reached skill level 2 in Axes
   176 | Abyss:2  | Reached XP level 2. HP: 5/27 MP: 3/3
   177 | Abyss:2  | Reached XP level 3. HP: 6/33 MP: 4/4
   177 | D:1      | Escaped the Abyss
   653 | D:1      | Reached * piety under Lugonu
  1245 | D:2      | Reached skill level 1 in Dodging
  1245 | D:2      | Reached XP level 4. HP: 39/40 MP: 5/5
  1283 | D:2      | Found a snail-covered altar of Cheibriados.
  2483 | D:3      | Found a shattered altar of Ashenzari.
  2527 | D:3      | Reached ** piety under Lugonu
  2763 | D:3      | Reached XP level 5. HP: 46/46 MP: 5/7
  2766 | D:3      | Reached skill level 3 in Axes
  3101 | D:4      | Found a staircase to the Ecumenical Temple.
  3106 | D:4      | Reached XP level 6. HP: 39/52 MP: 8/8
  3276 | D:4      | Noticed Duvessa
  3278 | D:4      | Noticed Dowan
  3286 | D:4      | Killed Dowan
  3288 | D:4      | Killed Duvessa
  3629 | D:5      | Entered Level 5 of the Dungeon
  3695 | D:5      | Reached XP level 7. HP: 55/60 MP: 9/9
  3701 | D:5      | Reached skill level 4 in Axes
  4024 | D:5      | Found a runed door.
  4024 | D:5      | Noticed PeterQ's ghost (novice GnEn)
  4762 | D:6      | Reached XP level 8. HP: 50/66 MP: 11/11
  4775 | D:6      | Reached *** piety under Lugonu
  5028 | D:6      | Reached skill level 5 in Axes
  5289 | D:6      | Found Juynoid's Armour Emporium.
  5296 | D:6      | Bought a +0 pair of gloves for 58 gold pieces
  5685 | D:6      | Reached skill level 5 in Fighting
  5943 | D:7      | Identified a scroll of acquirement
  5997 | D:7      | Reached skill level 6 in Axes
  6001 | D:7      | Reached skill level 5 in Invocations
  6004 | D:7      | Slain by an ogre

Skill      XL: |  1  2  3  4  5  6  7  8 |
---------------+-------------------------+-----
Axes           | 2 3 4 6 |  6.0
Fighting       | 4 5 |  5.2
Dodging        | 1 2 3 |  3.0
Armour         | 2 3 4 |  4.5
Invocations    | 3 4 5 |  5.0
Evocations     | |  0.4

Action                   |  1- 3 |  4- 6 |  7- 9 || total
-------------------------+-------+-------+-------++-------
Melee: Hand axe          |    58 |       |       ||    58
       Kick              |    10 |    17 |    25 ||    52
       War axe           |     4 |   113 |   162 ||   279
Invok: Depart the Abyss  |     1 |       |       ||     1
Evoke: Wand              |     7 |       |       ||     7
  Use: Scroll            |     9 |     5 |     3 ||    17
       Potion            |       |     1 |       ||     1
  Eat: Chunk             |       |     3 |     3 ||     6
       Ration            |       |     1 |     1 ||     2
Armor: Leather armour    |    19 |       |       ||    19
       Plate armour      |    21 |   184 |   161 ||   366
Dodge: Dodged            |    29 |    21 |    29 ||    79
